[Event "Live Chess"]
[Site "Chess.com"]
[Date "2024.06.02"]
[Round "-"]
[White "Brooms1989"]
[Black "seasidecastle27"]
[Result "1/2-1/2"]
[WhiteElo "1176"]
[BlackElo "1910"]
[TimeControl "300"]
[EndTime "2:27:31 PDT"]
[Termination "Game drawn by repetition"]

1. e4 e6 2. d4 d5 3. Bd3 c5 4.
exd5 exd5 5. Nf3 Nc6 6. dxc5 Bxc5 7. O-O Nf6 8. Re1+ Be7 9. c3 O-O 10. Bg5 Bg4 11. h3 Bh5 12. Be2 Re8 13. Nbd2 Rc8 14.
Nb3 Ne4 15. Bxe7 Rxe7 16. Nfd4 Bxe2 17. Rxe2 Nxd4 18. Nxd4 Qd7 19. Qb3 Rce8 20. Qb4 b6 21. Rae1 Nd6 22. Rxe7 Rxe7 23. Rxe7 Qxe7 24. Qa4 Qe1+ 25.
Kh2 Qe5+ 26. Kg1 Qe1+ 27. Kh2 Qe5+ 28. Kg1 Qe1+ 1/2-1/2

[Event "Live Chess"]
[Site "Chess.com"]
[Date "2024.06.02"]
[Round "-"]
[White "booktrunk"]
[Black "missedJariChance"]
[Result "1-0"]
[WhiteElo "1509"]
[BlackElo "1347"]
[TimeControl "300"]
[EndTime "2:27:52 PDT"]
[Termination "booktrunk won by resignation"]

1. d4 d5 2. Nc3 e6 3. Be3 c5 4.
dxc5 Nc6 5. a3 Nf6 6. f3 Be7 7. Bf2 d4 8. Ne4 Nxe4 9. fxe4 Bxc5 10. b4 Be7 11. e3 dxe3 12. Qxd8+ Bxd8 13. Bxe3 O-O 14. O-O-O Bf6 15. Nf3 Ne5 16. Nxe5 Bxe5 17. g3 b6 18. Bc4 Bb7 19. Bd3 Rac8 20. Rhf1 Rfd8 21. Rf2 h6 22. Bf4 Bf6 23. e5 Bg5 24. Bxg5 hxg5 25. Bb5 Rxd1+ 26. Kxd1 Rc3 27. a4 a6 28. Bf1 Re3 29. Bg2 Bxg2 30. Rxg2 Rxe5 31. Rd2 Re4 32. c3 Re3 33. Kc2 Kh7 34. Kb3 Kg6 35. Rd6 Re2 36. Rxb6 Rxh2 37. Rxa6 Rd2 38. Rc6 Rd5 39. a5 Kf6 40. a6 Rd7 41. b5 Kf5 42. b6 e5 43. b7 1-0

[Event "Live Chess"]
[Site "Chess.com"]
[Date "2024.06.02"]
[Round "-"]
[White "TigerTank70"]
[Black "WorcesterYork"]
[Result "0-1"]
[WhiteElo "2229"]
[BlackElo "2485"]
[TimeControl "300"]
[EndTime "2:27:58 PDT"]
[Termination "WorcesterYork won by resignation"]

1. e4 c5 2. d4 cxd4 3. c3 dxc3 4. Nxc3 Nc6 5. Nf3 d6 6. Bc4 a6 7. Qe2 Nf6 8. O-O Bg4 9. Rd1 e6 10. Bg5 Qb8 11. Bf4 Be7 12. h3 Bxf3 13. Qxf3 Ne5 14. Bxe5 dxe5 15. g4 h6 16. h4 g5 17.
Bb3 gxh4 18. Rac1 Rg8 19. Kf1 Rxg4 20. Na4 b5 21. Nc5 Rf4 22. Qd3 Bxc5 23. Rxc5 Nxe4 24.
Qd7+ Kf8 25. Rc7 Qb6 0-1

[Event "Live Chess"]
[Site "Chess.com"]
[Date "2024.06.02"]
[Round "-"]
[White "jellhhggffhjjjjjj"]
[Black "juniortay"]
[Result "0-1"]
[WhiteElo "479"]
[BlackElo "2371"]
[TimeControl "300"]
[EndTime "2:28:10 PDT"]
[Termination "juniortay won by checkmate"]

1. d4 Nf6 2. Nf3 g6 3. Bf4 Bg7 4. e3 O-O 5. c4 d6 6. Nc3 Nbd7 7. h4 h5 8. Ng5 e5 9. dxe5 dxe5 10.
Bg3 Qe7 11. f3 c6 12. Bf2 Nc5 13. Be2 Rd8 14. Qc2 Bf5 15. e4 Bc8 16. O-O Ne6 17. Nxe6 Bxe6 18. b3 Bh6 19. g4 hxg4 20. fxg4 Bxg4 21.
h5 Rd2 22. Qc1 Bxe2 23. Bh4 Qe6 24. Rf2 Ng4 25. Rxe2 Rxe2 26. Bg5 Ne3 27. Bxh6 Qg4+ 28. Kh1 Qg2# 0-1

[Event "Live Chess"]
[Site "Chess.com"]
[Date "2024.06.02"]
[Round "-"]
[White "GwaryTek"]
[Black "LL220284LL"]
[Result "0-1"]
[WhiteElo "1896"]
[BlackElo "2507"]
[TimeControl "300"]
[EndTime "2:28:22 PDT"]
[Termination "LL220284LL won on time"]

1. d3 d5 2. Nf3 c6 3. g3 g6 4.
Bg2 Bg7 5. O-O Nf6 6. Nbd2 O-O 7. c3 Nbd7 8. e4 e5 9. a4 Nc5 10. Qc2 a5 11. Nxe5 dxe4 12. dxe4 Re8 13. Nec4 b5 14.
axb5 cxb5 15. Ne3 Rb8 16. Nb3 Nxb3 17. Qxb3 Nxe4 18. Rd1 Qb6 19. Bd2 Be6 20. Qc2 Nxd2 21.
Rxd2 a4 22. Re1 Bb3 23. Qc1 b4 24. Nd5 Rxe1+ 25. Qxe1 Bxd5 26. Rxd5 bxc3 27. bxc3 a3 28. Rd1 Qb2 29. Bd5 Rf8 30. Rb1 Qxc3 31. Qxc3 Bxc3 32. Rb3 Bb2 33. Rb7 Kg7 0-1

[Event "Live Chess"]
[Site "Chess.com"]
[Date "2024.06.02"]
[Round "-"]
[White "AndyJWise"]
[Black "KeithArkell"]
[Result "0-1"]
[WhiteElo "1036"]
[BlackElo "2414"]
[TimeControl "300"]
[EndTime "2:28:26 PDT"]
[Termination "KeithArkell won by resignation"]

1. d4 e6 2. Nf3 Nf6 3. c4 Bb4+ 4. Nc3 c5 5. e3 Bxc3+ 6. bxc3 Ne4 7. Bb2 O-O 8. g3 f5 9. Bg2 d6 10. O-O Nc6 11. a3 Na5 12. Nd2 Nxd2 13. Qxd2 Nxc4 14.
Qc2 Nxb2 15. Qxb2 Rb8 16. a4 Qc7 17. Rfc1 b6 18. Rab1 Bb7 19. Bxb7 Qxb7 20. a5 Qc6 21. axb6 axb6 22. Qa2 d5 23. c4 Ra8 24. Qd2 Rfd8 25. cxd5 Rxd5 26. Qc3 h6 27. dxc5 Rxc5 28. Qd4 Rxc1+ 0-1

[Event "Live Chess"]
[Site "Chess.com"]
[Date "2024.06.02"]
[Round "-"]
[White "chess5013"]
[Black "Tushinskiy"]
[Result "0-1"]
[WhiteElo "1301"]
[BlackElo "2281"]
[TimeControl "300"]
[EndTime "2:28:28 PDT"]
[Termination "Tushinskiy won by checkmate"]

1. d4 d5 2. Bf4 c6 3. e3 Nf6 4. c3 e6 5. Nd2 Bd6 6. Bg3 Qe7 7. Ngf3 Nbd7 8. Bd3 O-O 9. Qc2 e5 10. dxe5 Nxe5 11.
Nxe5 Bxe5 12. Bxe5 Qxe5 13. Nf3 Qc7 14. O-O Bg4 15. Nd4 Rae8 16. Rae1 h6 17. Be2 Bc8 18. Bf3 Re7 19. Re2 Rfe8 20. Rfe1 a6 21. a3 c5 22. Nb3 b6 23. e4 dxe4 24. Bxe4 Nxe4 25. Rxe4 Be6 26. Nd2 b5 27. c4 b4 28. a4 g6 29. b3 Bf5 30. Rxe7 Rxe7 31. Qd1 Qd6 32. Rxe7 Qxe7 33. h3 Qd6 34. Qe2 Qd4 35. Nf3 Qa1+ 36. Kh2 Qc3 37. Qe8+ Kg7 38. Qe5+ Qxe5+ 39. Nxe5 Bc2 40.
Nd7 Bxb3 41. Nxc5 Bxc4 42. Kg1 b3 43. Ne4 b2 44. Nc3 Bd3 45. f3 b1=Q+ 46. Nxb1 Bxb1 47. a5 Bc2 48. Kf2 Bd3 49. Ke3 Bb5 50. g4 f5 51.
gxf5 Kf6 52. fxg6 Kf5 53. g7 Bc4 54. Kd4 Bg8 55. Kc5 Kg6 56. Kb6 Kxg7 57. Kxa6 Bd5 58.
Kb6 Bxf3 59. a6 Kg6 60. Kc5 Kh5 61. Kd4 Kh4 62. Ke3 Ba8 63. Kf2 Kxh3 64. Kg1 h5 65. a7 h4 66. Kf1 Kg3 67. Kg1 h3 68. Kf1 h2 69. Ke1 h1=Q+ 70. Kd2 Qd5+ 71. Ke3 Qe4+ 72. Kd2 Kf3 73. Kc3 Ke3 74. Kb2 Qd5 75.
Kc1 Kd3 76. Kb1 Kc3 77. Ka1 Qb5 78. Ka2 Qb2# 0-1

[Event "Live Chess"]
[Site "Chess.com"]
[Date "2024.06.02"]
[Round "-"]
[White "JanMur7"]
[Black "Zhevzh1k7"]
[Result "1-0"]
[WhiteElo "2277"]
[BlackElo "1108"]
[TimeControl "300"]
[EndTime "2:28:32 PDT"]
[Termination "JanMur7 won by resignation"]

1. c4 Nf6 2. Nc3 e6 3. e4 Bc5 4. d4 Bb6 5. e5 Ng8 6. Qg4 Kf8 7.
b4 a6 8. c5 Ba7 9. Ne4 Nc6 10.
Bg5 Nge7 11. Nf3 Nxb4 12. Rc1 Nxa2 13. Rc4 b5 14. cxb6 Bxb6 15. Bd3 d5 16. exd6 cxd6 17.
Ra4 Nc1 18. Bxc1 Ba5+ 19. Bd2 Bxd2+ 20. Nexd2 e5 21. Qe4 Bf5 22. Qe3 Bxd3 23. Qxd3 exd4 24. Rxd4 Qe8 25. O-O f6 26. Re1 a5 27. Rxd6 Kf7 28.
Rde6 Ra7 29. Qe3 Qd7 30. Nc4 a4 31. Nce5+ fxe5 32. Nxe5+ Kxe6 33. Nxd7+ Kxd7 34. Qxa7+ Kd6 35. Qxe7+ 1-0

[Event "Live Chess"]
[Site "Chess.com"]
[Date "2024.06.02"]
[Round "-"]
[White "Mikhail_Golubev"]
[Black "crais6"]
[Result "1-0"]
[WhiteElo "2511"]
[BlackElo "1603"]
[TimeControl "300"]
[EndTime "2:29:36 PDT"]
[Termination "Mikhail_Golubev won by resignation"]

1. e4 c5 2. Nf3 Nc6 3. Nc3 d6 4. d4 cxd4 5. Nxd4 e5 6. Nf5 Bxf5 7. exf5 Nf6 8. Bc4 Be7 9. O-O O-O 10. Be3 a6 11. Nd5 b5 12. Bb3 a5 13. a4 b4 14.
Qf3 e4 15. Nxf6+ Bxf6 16. Qxe4 Ne5 17. Rad1 Qc7 18. f4 Ng4 19. Bc1 Rfe8 20. Qf3 Nh6 21.
g4 Qc5+ 22. Kh1 Bd4 23. Rd3 Kf8 24. Rfd1 Bf2 25. Rd5 1-0

[Event "Live Chess"]
[Site "Chess.com"]
[Date "2024.06.02"]
[Round "-"]
[White "ACM42"]
[Black "Crowded_House"]
[Result "1-0"]
[WhiteElo "2161"]
[BlackElo "1673"]
[TimeControl "300"]
[EndTime "2:29:52 PDT"]
[Termination "ACM42 won by resignation"]

1. e4 e6 2. d4 d5 3. Nc3 dxe4 4. Nxe4 Bd7 5. Ne2 Bc6 6. N2g3 Nd7 7. Bd3 Ngf6 8. O-O Nxe4 9. Nxe4 Nf6 10. Ng3 Qd5 11. f3 Bd6 12. c3 Bxg3 13. hxg3 O-O 14. Re1 Rfe8 15. Re5 Qd6 16. Qc2 h6 17. Bf4 Qd8 18.
g4 Nd5 19. Bg3 f6 20. Re2 Qd7 21. Rae1 Re7 22. a3 Rae8 23. c4 Nb6 24. Bf2 Nc8 25. b4 b6 26. Bg6 Rf8 27. Qb3 Nd6 28. d5 Bb7 29. dxe6 Qd8 30. c5 bxc5 31. bxc5 Bc6 32. cxd6 Qxd6 33. Rd1 Qc5 34. Bxc5 1-0

[Event "Live Chess"]
[Site "Chess.com"]
[Date "2024.06.02"]
[Round "-"]
[White "CarmelJane"]
[Black "Tatarinov_Maxim"]
[Result "0-1"]
[WhiteElo "2048"]
[BlackElo "2288"]
[TimeControl "300"]
[EndTime "2:29:56 PDT"]
[Termination "Tatarinov_Maxim won by resignation"]

1. e4 c5 2. Nf3 Nc6 3. Bb5 g6 4. O-O Bg7 5. Re1 e5 6. Bxc6 bxc6 7. d3 Ne7 8. Be3 d6 9. Nbd2 O-O 10. Nc4 Be6 11. b3 h6 12. Qd2 Kh7 13. h3 f5 14.
exf5 Nxf5 15. Nh2 Qd7 16. Rad1 Rf7 17. f4 Nxe3 18. Qxe3 Bxc4 19. dxc4 exf4 20. Qf3 Bd4+ 21. Kh1 Re8 22. Ng4 Rxe1+ 23. Rxe1 h5 24. Nf2 Bxf2 25.
Qxf2 f3 26. Re3 fxg2+ 27. Qxg2 Qf5 28. Kg1 d5 29. Re1 dxc4 30. bxc4 Qf4 31. Re6 Qd4+ 32. Kh1 Rf6 33. Rxc6 Qa1+ 34. Kh2 Qe5+ 35. Kh1 Qe1+ 36. Kh2 Rf2 0-1

[Event "Live Chess"]
[Site "Chess.com"]
[Date "2024.06.02"]
[Round "-"]
[White "ameetghasi100"]
[Black "MagnersCarlsberg2870"]
[Result "1-0"]
[WhiteElo "2793"]
[BlackElo "1812"]
[TimeControl "300"]
[EndTime "2:30:22 PDT"]
[Termination "ameetghasi100 won by resignation"]

1. d4 Nf6 2. c3 b6 3. Nf3 Bb7 4. g3 d6 5. Bg2 g6 6. Nh4 Bxg2 7.
Nxg2 d5 8. O-O h5 9. Re1 h4 10.
Nd2 hxg3 11. hxg3 Ng4 12. e4 Qd7 13. e5 Qf5 14. f3 Qh5 15. fxg4 Qh2+ 16. Kf2 Rh3 17.
Nf1 Qh1 18. e6 f6 19. Qd3 Nc6 20. Qxg6+ Kd8 21. Bf4 Na5 22. Nd2 Qh2 23. Nf3 Nc4 24. Nxh2 Rxh2 25. Qg8 1-0

[Event "Live Chess"]
[Site "Chess.com"]
[Date "2024.06.02"]
[Round "-"]
[White "dmitro74"]
[Black "friarnator"]
[Result "0-1"]
[WhiteElo "1731"]
[BlackElo "2189"]
[TimeControl "300"]
[EndTime "2:30:33 PDT"]
[Termination "friarnator won on time"]

1. d4 Nf6 2. c4 e5 3. dxe5 Ng4 4. Nf3 Nc6 5. Nc3 Ngxe5 6. Nxe5 Nxe5 7. e4 g6 8. Bf4 Bg7 9. Be2 O-O 10. O-O d6 11. Qc2 Be6 12. b3 a6 13. Rad1 Qe7 14. Rfe1 h6 15. Bg3 Nc6 16. Nd5 Bxd5 17. exd5 Nd4 18. Qd2 Nxe2+ 19. Rxe2 Qf6 20. Rde1 g5 21. h3 Qd4 22.
Qxd4 Bxd4 23. Re7 Bb6 24. Rd7 Rae8 25. Ree7 Rxe7 26. Rxe7 Kg7 27. Kf1 Kg6 28. f4 f5 29.
fxg5 hxg5 30. h4 f4 31. Be1 g4 32. Bf2 Ba5 33. a3 f3 34. b4 Bb6 35. Bxb6 cxb6 36. Rxb7 f2 37. g3 Rf3 38. Rxb6 Rxg3 39. Kxf2 Rxa3 40.
Rxd6+ Kf5 41. Rd8 Ra2+ 42. Kg3 Ra3+ 43. Kg2 Kf4 44. Rf8+ Ke5 45. Rg8 Kf4 46. Rf8+ Ke5 47. h5 Rh3 48. Ra8 Rxh5 49. Kg3 Rh6 50. Kxg4 Kd4 51.
Rc8 Kc3 52. c5 Kxb4 53. d6 Rh7 54. c6 Rg7+ 55. Kf5 Rf7+ 56. Ke6 Rf1 57. Rb8+ Kc5 58. c7 Re1+ 59. Kd7 Rd1 60. c8=Q+ Kd5 61. Qxa6 Ke4 62.
Qe2+ Kf5 0-1

[Event "Live Chess"]
[Site "Chess.com"]
[Date "2024.06.02"]
[Round "-"]
[White "AlanBstard10"]
[Black "JohanKjeldahl"]
[Result "0-1"]
[WhiteElo "1233"]
[BlackElo "1806"]
[TimeControl "300"]
[EndTime "2:30:35 PDT"]
[Termination "JohanKjeldahl won by resignation"]

1. b4 e5 2. Bb2 d6 3. a3 Nf6 4. c4 Be7 5. e3 O-O 6. Be2 a5 7. d3 Be6 8. b5 Nbd7 9. Nf3 h6 10.
O-O Nh7 11. Nbd2 f5 12. e4 f4 13. Ne1 Ndf6 14. Ndf3 g5 15. h3 Qd7 16. Nc2 Bxh3 17. gxh3 Qxh3 18. Nh2 Kh8 19. Kh1 g4 20. Rg1 g3 21. fxg3 fxg3 22. Rg2 Ng5 23. Qf1 h5 24. Ne1 Ng4 25. Nf3 Nxf3 26. Bxf3 gxh2 27. Rg3 Qxg3 28. Bxe5+ dxe5 29. Ra2 Rxf3 30. Rg2 0-1

[Event "Live Chess"]
[Site "Chess.com"]
[Date "2024.06.02"]
[Round "-"]
[White "CheckThis4"]
[Black "Delacorta"]
[Result "1-0"]
[WhiteElo "2696"]
[BlackElo "1521"]
[TimeControl "300"]
[EndTime "2:30:45 PDT"]
[Termination "CheckThis4 won by resignation"]

1. d4 e6 2. Nc3 f5 3. e4 fxe4 4. Nxe4 Nf6 5. Bg5 Be7 6. Bxf6 Bxf6 7. Nf3 O-O 8. Bd3 d5 9. Nxf6+ Qxf6 10. O-O Nd7 11.
Re1 Nb6 12. c3 Nc4 13. Qc2 g6 14. Ne5 Nxe5 15. Rxe5 Bd7 16. Rae1 Ba4 17. b3 Bd7 18. R1e3 Rae8 19. Rg3 Re7 20. Bxg6 Rg7 21. Bxh7+ Kh8 22. Bd3 Rxg3 23. hxg3 1-0

[Event "Live Chess"]
[Site "Chess.com"]
[Date "2024.06.02"]
[Round "-"]
[White "vincents82"]
[Black "matt1979"]
[Result "1-0"]
[WhiteElo "1985"]
[BlackElo "1406"]
[TimeControl "300"]
[EndTime "2:30:56 PDT"]
[Termination "vincents82 won by checkmate"]

1. e4 d6 2. d4 Nf6 3. Nc3 Nbd7 4. Nf3 e5 5. Be2 Be7 6. Be3 c6 7. Qd2 Qc7 8. O-O-O h6 9. Kb1 b6 10. Nh4 Nf8 11. Nf5 Bxf5 12. exf5 O-O-O 13. d5 c5 14.
Nb5 Qb7 15. Bc4 a6 16. Nc3 b5 17. Be2 N8d7 18. f3 Nb6 19. Ne4 Nxe4 20. fxe4 Nd7 21.
Qa5 Qb6 22. Qd2 Kc7 23. h4 Rb8 24. g4 a5 25. g5 hxg5 26. hxg5 Rxh1 27. Rxh1 b4 28.
Rh7 Bf8 29. f6 gxf6 30. Rxf7 a4 31. Bg4 Qb5 32. Rxd7+ Kb6 33. Be2 Qa5 34. g6 a3 35.
g7 Bxg7 36. Rxg7 axb2 37. Bc4 Ra8 38. Bb3 Qb5 39. Qd3 Qa5 40. Qf1 Qa3 41. Qxf6 Kb5 42. Qxd6 c4 43. Qb6# 1-0

[Event "Live Chess"]
[Site "Chess.com"]
[Date "2024.06.02"]
[Round "-"]
[White "Frankie_Badacsonyi"]
[Black "elis06"]
[Result "1/2-1/2"]
[WhiteElo "2408"]
[BlackElo "2188"]
[TimeControl "300"]
[EndTime "2:30:59 PDT"]
[Termination "Game drawn by agreement"]

1. e4 c6 2. Nf3 d5 3. d3 dxe4 4.
dxe4 Qxd1+ 5. Kxd1 Nd7 6. a4 e5 7. Nfd2 Ngf6 8. f3 Be7 9. Bc4 O-O 10. Ke2 a5 11. Nf1 Nc5 12. Be3 Be6 13. Nbd2 Nfd7 14.
Bxe6 Nxe6 15. c3 f6 16. Nc4 Kf7 17. Nfd2 Ndc5 18. Rhd1 Rfd8 19. Nf1 Nb3 20. Rxd8 Rxd8 21. Rd1 Rxd1 22. Kxd1 b5 23. axb5 cxb5 24. Ncd2 Nbc5 25. Kc2 Ke8 26. Nb3 Nxb3 27. Kxb3 Kd7 28. Nd2 Kc6 29. Kc2 Bc5 30. Nf1 Bd6 31. Bd2 g6 32. Ne3 Nc7 33. Kd3 h5 34. Kc2 Be7 35. Be1 Bc5 36. Bd2 Bxe3 37. Bxe3 Ne6 38. Kd3 a4 39. Kc2 Nc5 40. Bd2 Ne6 1/2-1/2

[Event "Live Chess"]
[Site "Chess.com"]
[Date "2024.06.02"]
[Round "-"]
[White "bill77678"]
[Black "blunderabit"]
[Result "1-0"]
[WhiteElo "1846"]
[BlackElo "1752"]
[TimeControl "300"]
[EndTime "2:31:15 PDT"]
[Termination "bill77678 won by resignation"]

1. e4 c5 2. Nc3 Nc6 3. f4 g6 4. Nf3 Bg7 5. a4 Nh6 6. Bb5 Nd4 7. O-O a6 8. Bc4 e6 9. e5 d5 10. exd6 Nhf5 11. d3 Nxd6 12. Ba2 O-O 13. Ne4 b6 14.
c3 Nxf3+ 15. Qxf3 Bb7 16. Qe2 Qc7 17. Ng5 Rfe8 18. Bd2 Bd5 19. Bxd5 exd5 20. Qf3 d4 21. Rae1 h6 22. Ne4 Qc6 23. Nxd6 Qxf3 24. Rxe8+ Rxe8 25. Rxf3 Rd8 26. Ne4 f5 27. Ng3 Kf7 28. Ne2 dxc3 29. Bxc3 Bxc3 30. bxc3 Re8 31. Kf2 Re6 32. Re3 1-0

[Event "Live Chess"]
[Site "Chess.com"]
[Date "2024.06.02"]
[Round "-"]
[White "missedJariChance"]
[Black "juniortay"]
[Result "0-1"]
[WhiteElo "1347"]
[BlackElo "2371"]
[TimeControl "300"]
[EndTime "2:31:28 PDT"]
[Termination "juniortay won by resignation"]

1. b3 e5 2. Bb2 Nc6 3. e3 Nf6 4. Nf3 Bd6 5. d4 e4 6. Nfd2 O-O 7. c4 Bb4 8. Nc3 Re8 9. Be2 d5 10. cxd5 Ne7 11. a3 Bxc3 12. Bxc3 Nexd5 13. Bb2 c6 14.
Rc1 Qd6 15. O-O h5 16. Bxh5 g6 17. Be2 Kg7 18. Bc4 Rh8 19. h3 Bxh3 20. f4 0-1

[Event "Live Chess"]
[Site "Chess.com"]
[Date "2024.06.02"]
[Round "-"]
[White "nigelst"]
[Black "best137"]
[Result "1-0"]
[WhiteElo "1734"]
[BlackElo "1523"]
[TimeControl "300"]
[EndTime "2:31:40 PDT"]
[Termination "nigelst won on time"]

1. e4 c6 2. d4 d5 3. exd5 cxd5 4. Nf3 Nc6 5. Bb5 Nf6 6. O-O Bg4 7. Qd3 Bxf3 8. Qxf3 a6 9. Bxc6+ bxc6 10. Bf4 e6 11. Nd2 Bd6 12. Bxd6 Qxd6 13. c3 O-O 14. Qg3 Qxg3 15.
hxg3 Rab8 16. b3 Rfc8 17. Rfe1 c5 18. dxc5 Rxc5 19. c4 h5 20. cxd5 Rxd5 21. Nc4 a5 22.
Ne5 Kf8 23. Rad1 Rbd8 24. Rxd5 Rxd5 25. Nc4 Ke7 26. Rc1 Ng4 27. f3 Ne5 28. Nxe5 Rxe5 29. Kf2 Kf6 30. Rc4 g5 31. f4 Rd5 32. Ke2 Kf5 33. Ke3 g4 34. Rc7 f6 35. Rh7 Kg6 36.
Re7 Kf5 37. Rh7 Kg6 38. Re7 Kf5 39. Ra7 e5 40. Re7 Rc5 41. Kd3 exf4 42. gxf4 Kxf4 43.
Kd4 Re5 44. Rf7 Re6 45. Kd5 Ra6 46. Rh7 Kg5 47. g3 f5 48. Ke5 Rg6 49. Ra7 h4 50.
gxh4+ Kxh4 51. Kxf5 Rg5+ 52. Kf4 Rh5 53. Rg7 g3 54.
Rg4+ 1-0

[Event "Live Chess"]
[Site "Chess.com"]
[Date "2024.06.02"]
[Round "-"]
[White "AlexanderMatlak"]
[Black "Ninifu"]
[Result "1-0"]
[WhiteElo "2409"]
[BlackElo "2009"]
[TimeControl "300"]
[EndTime "2:31:54 PDT"]
[Termination "AlexanderMatlak won by resignation"]

1. e4 d5 2. exd5 Nf6 3. Bb5+ Nbd7 4. Nc3 a6 5. Be2 Nb6 6. d4 Nbxd5 7. Nxd5 Nxd5 8.
Nf3 e6 9. O-O Be7 10. c4 Nf6 11.
Bf4 O-O 12. Qc2 b6 13. Rad1 Bb7 14. Ne5 Qc8 15. Bf3 Bxf3 16. Nxf3 Qb7 17. Rfe1 Rac8 18. d5 Bb4 19. dxe6 Bxe1 20. exf7+ Rxf7 21. Rxe1 Rff8 22. c5 Qd5 23. c6 Rfe8 24. Rd1 Qe4 25. Qc1 Nd5 26. Bg3 Nb4 27. Qc3 Rcd8 28. Rf1 Rd3 29. Qc1 Nxc6 30. Ng5 Qd5 31. h4 Nd4 32. Qxc7 h6 33.
Nh3 Rf8 34. Nf4 Qc6 35. Qxc6 Nxc6 36. Nxd3 1-0

[Event "Live Chess"]
[Site "Chess.com"]
[Date "2024.06.02"]
[Round "-"]
[White "KeithArkell"]
[Black "GwaryTek"]
[Result "1-0"]
[WhiteElo "2415"]
[BlackElo "1895"]
[TimeControl "300"]
[EndTime "2:31:54 PDT"]
[Termination "KeithArkell won by resignation"]

1. d4 Nf6 2. Nf3 d6 3. c4 Nbd7 4. d5 e5 5. dxe6 fxe6 6. Nc3 g6 7. g3 Bg7 8. Bh3 Nc5 9. Be3 O-O 10. Bxc5 dxc5 11.
Qxd8 Rxd8 12. Ng5 Re8 13. Nb5 h6 14. Nxc7 hxg5 15. Nxa8 Ne4 16. O-O Bxb2 17. Rad1 Be5 18. Bg2 Nf6 19. Rb1 1-0

[Event "Live Chess"]
[Site "Chess.com"]
[Date "2024.06.02"]
[Round "-"]
[White "Queensandpawns"]
[Black "TedUdale"]
[Result "1-0"]
[WhiteElo "2282"]
[BlackElo "2109"]
[TimeControl "300"]
[EndTime "2:32:07 PDT"]
[Termination "Queensandpawns won on time"]

1. e4 c5 2. d4 cxd4 3. c3 Nc6 4. Nf3 d5 5. e5 Bf5 6. cxd4 e6 7. Nc3 Bb4 8. Bd3 Nge7 9. O-O O-O 10. a3 Bxc3 11.
bxc3 Rc8 12. Bg5 Qd7 13. Rc1 Na5 14. Nh4 Bxd3 15. Qxd3 Nc4 16. Qg3 Ng6 17. f4 Nd2 18. f5 Nxf1 19. Rxf1 Nxh4 20. Qxh4 exf5 21. Rf4 Rxc3 22. Bf6 Qb5 23. Qg5 Rc1+ 24. Kf2 Qf1+ 25. Kg3 Rc3+ 26. Kh4 Qe1+ 27. g3 Rxg3 28. Qxg3 Qxg3+ 29.
hxg3 gxf6 30. exf6 Re8 31. Rxf5 Re4+ 32. Kg5 Rxd4 33. Kh6 Rd1 34. Re5 Rh1+ 35. Kg5 h6+ 36. Kg4 d4 37. Rd5 Rd1 38. Rd7 d3 39. Rxb7 d2 40.
Rd7 Kh7 41. Rxf7+ Kg6 42. Rd7 Kxf6 43. Kf3 Rf1+ 44. Ke2 d1=Q+ 45. Rxd1 Rxd1 46. Kxd1 Kg5 47. Ke2 Kf5 48. Kf3 h5 49. Kg2 a5 50. Kh3 a4 51.
Kh4 Kg6 52. Kh3 Kg5 53. Kg2 Kg4 54. Kf2 Kf5 55. Kf3 Ke5 56. Kg2 Kd4 57. Kh3 Kc3 58.
Kh4 Kb3 59. Kxh5 Kxa3 60. g4 Kb2 61. g5 a3 62. g6 a2 63. g7 a1=Q 64. g8=Q Kb1 65. Qg1+ Ka2 66. Qa7+ Kb1 67. Qb7+ Ka2 68. Qa6+ Kb1 69. Qb5+ Qb2 70. Qf1+ 1-0

[Event "Live Chess"]
[Site "Chess.com"]
[Date "2024.06.02"]
[Round "-"]
[White "GoldsmanB"]
[Black "TigerTank70"]
[Result "0-1"]
[WhiteElo "1102"]
[BlackElo "2229"]
[TimeControl "300"]
[EndTime "2:32:07 PDT"]
[Termination "TigerTank70 won by resignation"]

1. d3 e5 2. e4 Nf6 3. Nf3 Nc6 4.
Be3 d5 5. exd5 Nxd5 6. d4 e4 7. Ne5 Nxe3 8. fxe3 Qh4+ 9. g3 Qh6 10. Nxc6 Qxe3+ 11.
Qe2 Qxe2+ 12. Bxe2 bxc6 13. Nc3 f5 14. O-O-O Bb4 15. Rhf1 Bxc3 16. bxc3 g6 17. h3 Be6 18. Rf4 Rb8 19. a3 Rb6 20. Kd2 Ke7 21. g4 g5 22. Rf2 f4 23. Ke1 Rb2 24. Rc1 Rd8 25.
Bf1 h6 26. Re2 e3 27. Rh2 c5 28. Bd3 cxd4 29. cxd4 Rxd4 30. Rd1 f3 0-1

[Event "Live Chess"]
[Site "Chess.com"]
[Date "2024.06.02"]
[Round "-"]
[White "crais6"]
[Black "Zhevzh1k7"]
[Result "1-0"]
[WhiteElo "1605"]
[BlackElo "1107"]
[TimeControl "300"]
[EndTime "2:32:15 PDT"]
[Termination "crais6 won by resignation"]

1. d4 Nf6 2. Nc3 e6 3. Bf4 d5 4. e3 Bd6 5. Bg3 Nc6 6. a3 Bd7 7. Bd3 O-O 8. Nf3 Bxg3 9. hxg3 h6 10. Ne5 Nxe5 11. dxe5 Ne8 12. Qg4 f6 13. Qg6 Rf7 14.
Rxh6 fxe5 15. Rh8+ Kxh8 16. Qxf7 1-0

[Event "Live Chess"]
[Site "Chess.com"]
[Date "2024.06.02"]
[Round "-"]
[White "Purple1szed"]
[Black "bonantagulo"]
[Result "0-1"]
[WhiteElo "2076"]
[BlackElo "2252"]
[TimeControl "300"]
[EndTime "2:32:30 PDT"]
[Termination "bonantagulo won by resignation"]

1. e4 c5 2. c3 Nf6 3. e5 Nd5 4.
d4 cxd4 5. cxd4 e6 6. Nf3 Nc6 7. Nc3 d6 8. Bd3 Nxc3 9. bxc3 dxe5 10. dxe5 Qa5 11. O-O Nxe5 12. Nxe5 Qxe5 13. Re1 Qc7 14. Bg5 Bd6 15. Qh5 Bd7 16. Rab1 b6 17. Be4 Rc8 18.
Bd5 Kf8 19. Bb3 h6 20. Bh4 g6 21. Qf3 Bxh2+ 22. Kh1 Qf4 23. Qh3 g5 24. Qxh2 Qxh4 25. Qxh4 gxh4 26. Rbc1 Rc5 27. Kh2 Rg8 28. Re3 Bc6 29.
g3 hxg3+ 30. fxg3 Rh5+ 31. Kg1 Rh1+ 32. Kf2 Rxc1 33. Re2 Rxc3 34. Rd2 Rgxg3 35. Rd8+ Ke7 36. Rh8 Rcf3+ 37. Ke2 Rg2+ 38. Ke1 Rh3 39. Bc4 Rh1+ 40. Bf1 Bb5 0-1

[Event "Live Chess"]
[Site "Chess.com"]
[Date "2024.06.02"]
[Round "-"]
[White "TJ-W"]
[Black "McFim"]
[Result "1-0"]
[WhiteElo "1581"]
[BlackElo "1697"]
[TimeControl "300"]
[EndTime "2:32:30 PDT"]
[Termination "TJ-W won - game abandoned"]

1. e4 c6 2. d4 d5 3. Nc3 dxe4 4. Nxe4 Nd7 5. Qe2 Ndf6 6. Nxf6+ Nxf6 7. Nf3 Bg4 8. g3 e6 9. c3 Be7 10. Bg2 O-O 11. O-O h6 12. h3 Bh5 13. g4 Bg6 14. Ne5 Bh7 15. f4 Qc7 16. f5 exf5 17. gxf5 Rae8 18.
Bf4 Bd6 19. Rae1 Bxf5 20. Kh1 Bh7 21. Rg1 Nd7 22. Bxh6 gxh6 23. Bf3+ Kh8 24. Nxf7+ Rxf7 25. Qxe8+ Rf8 26. Qh5 Bf4 27. Re7 Qd6 28. Rxh7+ Kxh7 29. Be4+ Kh8 30. Rg6 Qe7 31. Rxh6+ Bxh6 32. Qxh6+ Kg8 33. Qg6+ Qg7 34. Qe6+ 1-0

[Event "Live Chess"]
[Site "Chess.com"]
[Date "2024.06.02"]
[Round "-"]
[White "Ferrarifan27"]
[Black "wadsy27"]
[Result "1/2-1/2"]
[WhiteElo "2137"]
[BlackElo "2568"]
[TimeControl "300"]
[EndTime "2:32:40 PDT"]
[Termination "Game drawn by stalemate"]

1. e4 c5 2. Nf3 e6 3. d4 cxd4 4. Nxd4 Nc6 5. Be3 Nf6 6. Bd3 d5 7. exd5 Nxd5 8. Nxc6 bxc6 9. Bd2 Bc5 10. O-O Qf6 11. Nc3 Nxc3 12. Bxc3 Bd4 13. Be4 Bxc3 14. Bxc6+ Ke7 15. Bxa8 Ba6 16. Bc6 Rd8 17. Qf3 Qxf3 18. Bxf3 Bxf1 19. bxc3 Bc4 20. Rb1 Rd2 21. Rb7+ Kf6 22.
Rxa7 Rxc2 23. h3 Rxc3 24. a4 Rc1+ 25. Kh2 Rc2 26. Kg3 Ra2 27. a5 Ra3 28. Kh2 g6 29. Bb7 h5 30. a6 Ra2 31. Ra8 h4 32. a7 Bf1 33. Bc6 Ke5 34. Kg1 Ra1 35. Kh2 f5 36. Rg8 Rxa7 37. Rxg6 Rc7 38. Bf3 Rc2 39. Kg1 Bd3 40. Rh6 Rc1+ 41. Kh2 Rf1 42. Rxh4 Rxf2 43. Rb4 Kf6 44. Rb6 Bc4 45. h4 f4 46. Rb4 Rc2 47.
h5 Kg5 48. Rb6 Bd5 49. Bxd5 exd5 50. h6 Rc8 51. Rb5 Rd8 52. h7 Kg6 53. Rxd5 Rh8 54.
Rd7 Rxh7+ 55. Rxh7 Kxh7 56. Kh3 f3 57. gxf3 Kg7 58.
Kg4 Kg6 59. Kf4 Kf6 60. Ke4 Ke6 61. f4 Kf6 62. f5 Kf7 63. Kf4 Kf6 64. Kg4 Kf7 65.
Kg5 Kg7 66. f6+ Kf7 67. Kf5 Kf8 68. Kg6 Kg8 69. f7+ Kf8 70. Kf6 1/2-1/2